 Dungeon Crawl Stone Soup version 0.29-a0-821-g66395355a5 (webtiles) character file.

Game seed: 4898639467849901106

3553 IdlyInterested the Blocker (level 9, -2/65 HPs)
             Began as a Demonspawn Fighter on July 7, 2022.
             Slain by Grum
             ... wielding a +0 halberd
              (11 damage)
             ... on level 8 of the Dungeon.
             The game lasted 00:26:35 (8705 turns).

IdlyInterested the Blocker (Demonspawn Fighter)     Turns: 8705, Time: 00:26:36

Health: -2/65      AC: 16    Str: 17    XL:     9   Next: 83%
Magic:  9/9        EV:  2    Int: 11    God:
Gold:   277        SH: 29    Dex: 17    Spells: 8/8 levels left

rFire   . . .      SeeInvis +   a - +1 flail (drain)
rCold   . . .      Faith    .   m - +18 shield of the Gong {rElec rN+ Will+ EV-5}
rNeg    + . .      Spirit   .   k - +0 chain mail
rPois   .          Reflect  .   (helmet restricted)
rElec   +          Harm     .   (no cloak)
rCorr   .          Rampage  .   j - +2 pair of gloves
Will    +....                   (no boots)
Stlth   ..........              (no amulet)
HPRegen 1.20/turn               e - +4 ring of protection
MPRegen 0.11/turn               n - ring of see invisible

@: no status effects
A: antennae 2, powered by death 1, big brain 1, demonic magic 2
a: no special abilities


You were on level 8 of the Dungeon.
You visited 2 branches of the dungeon, and saw 9 of its levels.
You also visited: Ossuary.

You collected 277 gold pieces.

Inventory:

Hand Weapons
 a - a +1 flail of draining (weapon)
 f - a +3 whip
Armour
 j - a +2 pair of gloves (worn)
 k - a +0 chain mail (worn)
 m - the +18 shield of the Gong (worn) {rElec rN+ Will+ EV-5}
   (You acquired it on level 5 of the Dungeon)

   It is deafeningly noisy when blocking attacks.
   EV:        It affects your evasion (-5).
   rElec:     It insulates you from electricity.
   rN:        It protects you from negative energy.
   Will:      It increases your willpower.
Magical Staves
 r - a staff of poison
Jewellery
 e - a +4 ring of protection (left hand)
 n - a ring of see invisible (right hand)
Wands
 b - a wand of mindburst (8)
 g - a wand of iceblast (18)
 q - a wand of paralysis (18)
Scrolls
 d - 2 scrolls of teleportation
 o - a scroll of enchant armour
 s - 2 scrolls of blinking
 t - a scroll of summoning
 v - a scroll of identify
Potions
 h - 2 potions of brilliance
 l - 2 potions of mutation
 p - a potion of magic


   Skills:
 - Level 4.0 Fighting
 * Level 8.5 Maces & Flails
 + Level 3.6 Armour
 - Level 3.0 Dodging
 * Level 8.6 Shields
 - Level 3.0 Evocations


You had 8 spell levels left.
You didn't know any spells.
Your spell library contained the following spells:

 Spells                   Type           Power      Damage    Failure   Level
 Magic Dart               Conj           0%         1d3       100%        1
 Call Imp                 Summ           0%         N/A       100%        2
 Static Discharge         Conj/Air       0%         3-3/arc   100%        2
 Mephitic Cloud           Conj/Pois/Air  0%         N/A       100%        3
 Ozocubu's Armour         Ice            0%         N/A       100%        3
 Lightning Bolt           Conj/Air       0%         1d11      100%        5
 Ozocubu's Refrigeration  Ice            0%         4d5       100%        7
 Maxwell's Capacitive Co  Air            0%         ∞         100%        8


Dungeon Overview and Level Annotations

Branches:
Dungeon (8/15)             Temple (1/1) D:7         Ossuary (visited)
   Lair: D:8-11

Altars:
Ashenzari
Cheibriados
Dithmenos
Fedhas
Gozag
Hepliaklqana
Nemelex Xobeh
Okawaru
Ru
Sif Muna
Trog
Uskayaw
Vehumet
Wu Jian
Xom
Yredelemnul

Annotations:
D:8 Grum


Innate Abilities, Weirdness & Mutations

You have a pair of antennae on your head.
You regenerate a little health from kills.
You have an unusually large brain. (Int +2)
Spells you cast may paralyse nearby enemies.


Message History

You hit the orc.
You kill the orc!
You block the wolf's attack.
PTOANNNG!
You block Grum's attack.
GONNNNG!
The wolf bites you but does no damage.
You hear an angry hiss.
You sock the wolf!
The wolf is moderately wounded.
You block the wolf's attack.
BOUMMMMG!
You block Grum's attack.
GONNNNG!
You hear an angry hiss.
Unknown command.
You hit the wolf but do no damage. You drain the wolf.
The wolf is heavily wounded.
The wolf seems less drained.
The wolf bites you but does no damage. You block Grum's attack.
GONNNNG!
You barely miss the wolf.
The wolf is heavily wounded.
You block the wolf's attack.
SHROANNG!
You block Grum's attack.
GONNNNG!
The wolf bites you but does no damage. You block Grum's attack.
PANG!
You hit the wolf but do no damage. You drain the wolf.
The wolf is severely wounded.
You block the wolf's attack.
GONNNNG!
You block the wolf's attack.
GONNNNG!
Grum hits you from afar with a +0 halberd!
* * * LOW HITPOINT WARNING * * *
You thump the wolf!
You kill the wolf!
Grum hits you from afar with a +0 halberd!
You die...

.. ..
.# ..
###.
#..z
#)#
#)#
#@#
#h#
#g.
#...
#.##.
#.#
.#
#.# #
#..


You could see Grum and a wolf (drained).

Vanquished Creatures
  A steam dragon (D:6)
  An acid dragon (D:8)
  Duvessa (D:7)
  2 black bears
  3 ice beasts
  3 sky beasts (D:7)
  3 orc warriors
  3 ogres
  2 wolves (D:8)
  3 phantoms
  2 kobold brigands (D:7)
  2 scorpions
  A gnoll sergeant (D:7)
  5 wights (D:8)
  Dowan (D:7)
  A centaur zombie (Ossuary)
  3 jellies
  7 orc priests
  4 hounds
  4 iguanas
  4 orc wizards
  6 mummies (Ossuary)
  5 adders
  14 gnolls
  A shadow imp (D:7)
  4 white imps
  3 worms
  2 dart slugs (D:2)
  31 orcs
  2 ball pythons
  9 bats
  5 endoplasms
  2 giant cockroaches
  9 goblins
  6 hobgoblins
  2 jackals (D:5)
  9 kobolds
  7 quokkas
  4 frilled lizards
  8 hobgoblin zombies
  2 kobold skeletons (D:3)
  2 kobold zombies (D:3)
  2 orc zombies (D:3)
  5 rats
  2 rat zombies (D:5)
198 creatures vanquished.

Vanquished Creatures (others)
  A fungus (D:2)
  3 plants (D:2)
4 creatures vanquished.

Grand Total: 202 creatures vanquished

Notes
Turn   | Place    | Note
-------+----------+-------------------------------------------
     0 | D:1      | IdlyInterested the Demonspawn Fighter began the quest for
                  | the Orb.
     0 | D:1      | Reached XP level 1. HP: 18/18 MP: 1/1
   355 | D:1      | Gained mutation: You have a pair of small antennae on your
                  | head. [demonic ancestry]
   355 | D:1      | Reached XP level 2. HP: 22/24 MP: 2/2
  1309 | D:2      | Gained mutation: You have an unusually large brain. (Int
                  | +2) [demonic ancestry]
  1309 | D:2      | Reached XP level 3. HP: 29/29 MP: 3/3
  1767 | D:2      | Found a faded altar of an unknown god.
  2278 | D:3      | Gained mutation: Spells you cast may paralyse adjacent
                  | enemies. [demonic ancestry]
  2278 | D:3      | Reached XP level 4. HP: 32/35 MP: 4/4
  2300 | D:3      | Reached skill level 1 in Dodging
  2307 | D:3      | Gained mutation: Spells you cast may paralyse nearby
                  | enemies. [demonic ancestry]
  2307 | D:3      | Reached XP level 5. HP: 22/41 MP: 5/5
  2885 | D:3      | Found a hazy altar of Hepliaklqana.
  3445 | D:4      | Gained mutation: You regenerate a little health from kills.
                  | [demonic ancestry]
  3445 | D:4      | Reached XP level 6. HP: 21/47 MP: 6/6
  4669 | D:5      | Entered Level 5 of the Dungeon
  4778 | D:5      | Found a sand-covered staircase.
  4796 | Ossuary  | Entered an ossuary
  4804 | Ossuary  | Reached XP level 7. HP: 34/52 MP: 7/7
  4829 | Ossuary  | Reached skill level 5 in Shields
  5123 | Ossuary  | Reached skill level 5 in Maces & Flails
  5347 | D:5      | Identified a scroll of acquirement
  5347 | D:5      | Acquired the +18 shield of the Gong {rElec rN+ Will+ EV-5}
  5347 | D:5      | Found the +18 shield of the Gong {rElec rN+ Will+ EV-5}
  6046 | D:6      | Reached skill level 1 in Evocations
  6046 | D:6      | Gained mutation: You have a pair of antennae on your head.
                  | [demonic ancestry]
  6046 | D:6      | Reached XP level 8. HP: 58/58 MP: 8/8
  6062 | D:6      | Found a sparkling altar of Nemelex Xobeh.
  6649 | D:6      | Found a snail-covered altar of Cheibriados.
  7061 | D:7      | Reached XP level 9. HP: 64/64 MP: 9/9
  7378 | D:7      | Found an iron altar of Okawaru.
  7418 | D:7      | Identified the +4 sling "Haerideh" {venom, Contam rElec
                  | Dex+2 SInv}
  7447 | D:7      | Noticed Dowan
  7451 | D:7      | Noticed Duvessa
  7494 | D:7      | Killed Duvessa
  7510 | D:7      | Killed Dowan
  7634 | D:7      | Found a staircase to the Ecumenical Temple.
  7643 | Temple   | Entered the Ecumenical Temple
  8654 | D:8      | Noticed Grum
  8705 | D:8      | Slain by Grum

Illustrated notes

Levels and vault maps discovered:
D:1:      dpeg_arrival_rhombi, layout_basic
D:2:      layout_basic, shapermc_ecumenical_altar_mp_urbaneastern
D:3:      layout_basic, nicolae_tso_besieged_by_evil,
          nzn_hepliaklqana_mist_gate, item_on_display_a
D:4:      layout_layer_cave
D:5:      layout_basic, cheibrodos_sewer_entry_sluice, enter_ossuary_4
D:6:      layout_loops_ring, mainiacjoe_overflow_cross_hatched,
          lemuel_round_altar, nemelex_dance_club_becter
D:7:      layout_loops_ring, okawaru_metal_pillars_1_2,
          minmay_temple_entry_sparse_star, chequers_hall_statues_corner_a,
          grunt_ministairs_13, uniq_duvessa
D:8:      layout_loops_cross, serial_shops, nicolae_shop_waterfront,
          nicolae_lakefront_shop, uniq_grum
Temple:   compressed_dpeg_triangle_lava_temple

Skill      XL: |  1  2  3  4  5  6  7  8  9 |
---------------+----------------------------+-----
Maces & Flails | 2 3 4 5 7 8 |  8.5
Armour         | 3 |  3.6
Shields        | 3 4 5 7 8 |  8.6
Dodging        | 1 2 3 |  3.0
Evocations     | 1 3 |  3.0
Fighting       | 4 |  4.0

Action                   |  1- 3 |  4- 6 |  7- 9 || total
-------------------------+-------+-------+-------++-------
Melee: Flail             |   120 |   203 |   554 ||   877
Evoke: Wand              |       |       |     7 ||     7
  Use: Scroll            |     7 |     5 |     9 ||    21
       Potion            |     2 |     5 |     9 ||    16
 Stab: Invisible         |       |     5 |    10 ||    15
       Paralysed         |       |       |     2 ||     2
Armor: Scale mail        |    38 |       |       ||    38
       Chain mail        |    57 |   133 |   196 ||   386
Dodge: Dodged            |    52 |    75 |    45 ||   172
Block: Buckler           |    39 |    67 |    29 ||   135
       Kite shield       |       |       |   638 ||   638

Table legend: (Time is in decaauts)
 A = Elapsed time spent in this place.
 B = Non-inter-level travel time spent in this place.
 C = Inter-level travel time spent in this place.
 D = Time resting spent in this place.
 E = Time spent auto-exploring this place.
 F = Levels seen in this place.
 G = Mean time per level.
                   A        B        C        D        E       F      G
               +--------+--------+--------+--------+--------+-----+--------+
         Total |   8877 |   8386 |    491 |   1594 |   4828 |  10 |  887.7 |
       Dungeon |   8035 |   7544 |    491 |   1166 |   4545 |   8 | 1004.4 |
        Temple |    282 |    282 |      0 |      0 |    264 |   1 |  282.0 |
       Ossuary |    559 |    559 |      0 |    428 |     19 |   1 |  559.0 |
               +--------+--------+--------+--------+--------+-----+--------+

Top non-repeatable levels by time:
     D:4: 1642 daAuts
     D:7: 1341 daAuts
     D:1: 1309 daAuts
     D:6: 1074 daAuts
     D:3: 900 daAuts
     D:2: 877 daAuts
     D:5: 777 daAuts
 Ossuary: 559 daAuts
  Temple: 282 daAuts
     D:8: 112 daAuts
